 Dungeon Crawl Stone Soup version 0.30-a0-4-ga7cffc901d (webtiles) character file.

Game seed: 3776295619945934484

338 Misha the Chopper (level 6, -3/55 HPs)
             Began as a Draconian Cinder Acolyte on Aug 21, 2022.
             Was a High Priest of Ignis.
             Slain by a killer bee (7 damage)
             ... on level 4 of the Dungeon on Aug 22, 2022.
             The game lasted 00:07:54 (2369 turns).

Misha the Chopper (Draconian Cinder Acolyte)        Turns: 2369, Time: 00:07:54

Health: -3/55      AC:  9    Str: 23    XL:     6   Next: 29%
Magic:  7/7        EV: 12    Int: 17    God:    Ignis [*****.]
Gold:   252        SH:  0    Dex:  8    Spells: 7/7 levels left

rFire   + . .      SeeInvis .    a - -1 hand axe (flame)
rCold   + . .      Faith    .    (no shield)
rNeg    . . .      Spirit   .    (body armour unavailable)
rPois   .          Reflect  .    (helmet restricted)
rElec   .          Harm     .    (no cloak)
rCorr   .          Rampage  .    (no gloves)
Will    .....                    f - +2 pair of boots "Neps" {Int+3}
Stlth   +.........               (no amulet)
HPRegen 0.18/turn                k - ring of protection from cold
MPRegen 0.10/turn                g - +6 ring of strength

@: lethally poisoned (-3 -> -18)
A: AC +6, unfitting armour, cold-blooded, no potion heal 1
a: Renounce Religion, Fiery Armour, Foxfire Swarm, Rising Flame


You were on level 4 of the Dungeon.
You worshipped Ignis.
Ignis was extremely pleased with you.
You visited 1 branch of the dungeon, and saw 4 of its levels.

You collected 252 gold pieces.

Inventory:

Hand Weapons
 a - a -1 hand axe of flaming (weapon)
Missiles
 d - 3 silver boomerangs (quivered)
Armour
 f - the +2 pair of boots "Neps" (worn) {Int+3}
   (You found it on level 2 of the Dungeon)

   Int:       It affects your intelligence (+3).
Jewellery
 e - the ring "Cased" {Fly rElec Str-4 Int+6 Stlth-}
   (You found it on level 3 of the Dungeon)

   [ring of intelligence]

   Str:       It affects your strength (-4).
   Int:       It affects your intelligence (+6).
   rElec:     It insulates you from electricity.
   Fly:       It grants you flight.
   Stlth:     It makes you less stealthy.
 g - a +6 ring of strength (right hand)
 h - a ring of magical power
 k - a ring of protection from cold (left hand)
Wands
 l - a wand of mindburst (21)
Scrolls
 b - 2 scrolls of identify
 i - a scroll of fear
 j - a scroll of teleportation


   Skills:
 + Level 4.8 Fighting
 + Level 5.3 Axes
 + Level 2.3 Dodging
 + Level 1.0 Stealth
 + Level 1.0 Spellcasting
 + Level 3.2 Fire Magic


You had 7 spell levels left.
You didn't know any spells.
Your spell library contained the following spells:

 Spells                   Type           Power      Damage    Failure   Level
 Scorch                   Fire           24%        2d6       9%          2


Dungeon Overview and Level Annotations

Branches:
Dungeon (4/15)
 Temple: D:4-7

Altars:
Dithmenos
Kikubaaqudgha
Qazlal
Wu Jian
Xom

Annotations:
D:4 1 transporter


Innate Abilities, Weirdness & Mutations

Your plain brown scales are hard. (AC +6)
You cannot fit into any form of body armour.
You are cold-blooded and may be slowed by cold attacks.
Potions are less effective at restoring your health.


Message History

The killer bee closely misses you. x2
You miss the killer bee. You barely miss the killer bee.
You feel sick. The killer bee stings you.
You are more poisoned.
The killer bee poisons you! The killer bee closely misses you.
The killer bee stings you but does no damage.
The killer bee misses you.
Unknown command.
You closely miss the killer bee.
Your tail-slap misses the killer bee.
You hit the killer bee. You burn the killer bee.
You feel very sick.
The killer bee stings you but does no damage.
The killer bee stings you. The killer bee closely misses you.
The killer bee stings you but does no damage.
You closely miss the killer bee.
You hit the killer bee but do no damage.
You feel sick.
The killer bee stings you but does no damage.
The killer bee stings you.
* * * LOW HITPOINT WARNING * * *
You are lethally poisoned!
The killer bee poisons you! The killer bee closely misses you.
The killer bee stings you.
* * * LOW HITPOINT WARNING * * *
You are more poisoned.
The killer bee poisons you!
Really quaff the potion of mutation?
You feel extremely strange.
Your system partially rejects the healing effects of potions.
* * * LOW HITPOINT WARNING * * *
You feel very sick.
The killer bee closely misses you. x2; The killer bee misses you.
The killer bee closely misses you.
Unknown command.
You hit the killer bee but do no damage.
You barely miss the killer bee.
* * * LOW HITPOINT WARNING * * *
You feel very sick. The killer bee stings you!
You die...

#.)# ####..#
#..# #.....#
#...
#####.##..#
#.#.#
#.....##.....
#.#.#
#.###.##.......
#.#.#
#..........####
#.#.#
#.######...# #.
.# #.#
#######...
#.###y@.......
#....y####....
#.###y# # ###
#g#


yy# ..l. #.... ...$.# #..#..# You could see an iguana, 5 killer bees and a
hobgoblin.

Vanquished Creatures
  A water moccasin (D:3)
  A necrophage (D:4)
  A hound (D:4)
  An iguana (D:4)
  6 adders
  A dart slug (D:1)
  5 orcs (D:3)
  11 ball pythons
  4 endoplasms
  3 giant cockroaches
  4 goblins
  3 hobgoblins
  3 jackals (D:3)
  5 bats
  3 frilled lizards
  5 kobolds
  4 rats
61 creatures vanquished.

Notes
Turn   | Place    | Note
-------+----------+-------------------------------------------
     0 | D:1      | Misha the Draconian Cinder Acolyte began the quest for the
                  | Orb.
     0 | D:1      | Reached XP level 1. HP: 19/19 MP: 2/2
    97 | D:1      | Found a faded altar of an unknown god.
   147 | D:1      | Reached XP level 2. HP: 23/26 MP: 3/3
   592 | D:2      | Found a stormy altar of Qazlal.
   726 | D:2      | Identified the +2 leather armour of Kunuqij {rC+ Dex+3}
   788 | D:2      | Identified the +2 pair of boots "Neps" {Int+3}
  1004 | D:2      | Reached XP level 3. HP: 29/33 MP: 4/4
  1246 | D:3      | Reached skill level 1 in Dodging
  1288 | D:3      | Identified the ring "Cased" {Fly rElec Str-4 Int+6 Stlth-}
  1325 | D:3      | Reached XP level 4. HP: 40/40 MP: 5/5
  1388 | D:3      | Found an ornate altar of the Wu Jian Council.
  1388 | D:3      | Found a shadowy altar of Dithmenos.
  1389 | D:3      | Found a shimmering altar of Xom.
  1405 | D:3      | Found an ancient bone altar of Kikubaaqudgha.
  1680 | D:3      | Reached skill level 4 in Axes
  1695 | D:3      | Noticed a water moccasin
  1712 | D:3      | Killed a water moccasin
  1713 | D:3      | Reached XP level 5. HP: 18/47 MP: 6/6
  2081 | D:4      | Reached skill level 5 in Axes
  2081 | D:4      | Reached XP level 6. HP: 43/53 MP: 7/7
  2227 | D:4      | Reached skill level 1 in Stealth
  2238 | D:4      | Found a transporter.
  2368 | D:4      | Gained mutation: Potions are less effective at restoring
                  | your health. [potion of mutation]
  2369 | D:4      | Slain by a killer bee

Illustrated notes

Levels and vault maps discovered:
D:1:      psy_arrival_fountain, layout_basic,
          hellmonk_ecumenical_altar_arch_garden
D:2:      layout_basic, basic_altar
D:3:      layout_basic, nicolae_overflow_quartered_altars, st_stairs_7
D:4:      layout_loops_ring, nicolae_vehumet_radiance, gammafunk_ghost_mausoleum

Skill      XL: |  1  2  3  4  5  6 |
---------------+-------------------+-----
Fighting       | 4 |  4.8
Dodging        | 1 2 |  2.3
Axes           | 4 5 |  5.3
Stealth        | 1 |  1.0
Spellcasting   | |  1.0
Fire Magic     | |  3.2

Action                   |  1- 3 |  4- 6 || total
-------------------------+-------+-------++-------
Melee: Hand axe          |    92 |   123 ||   215
       Tailslap          |     4 |     9 ||    13
  Use: Scroll            |     5 |     1 ||     6
       Potion            |     7 |     5 ||    12
 Stab: Sleeping          |       |     1 ||     1
Armor: Skin              |    50 |    50 ||   100
Dodge: Dodged            |    47 |   110 ||   157

Table legend: (Time is in decaauts)
 A = Elapsed time spent in this place.
 B = Non-inter-level travel time spent in this place.
 C = Inter-level travel time spent in this place.
 D = Time resting spent in this place.
 E = Time spent auto-exploring this place.
 F = Levels seen in this place.
 G = Mean time per level.
                   A        B        C        D        E       F      G
               +--------+--------+--------+--------+--------+-----+--------+
         Total |   2374 |   2317 |     57 |    261 |   1482 |   4 |  593.5 |
       Dungeon |   2374 |   2317 |     57 |    261 |   1482 |   4 |  593.5 |
               +--------+--------+--------+--------+--------+-----+--------+

Top non-repeatable levels by time:
     D:3: 841 daAuts
     D:2: 627 daAuts
     D:1: 597 daAuts
     D:4: 308 daAuts
